 Dungeon Crawl Stone Soup version 0.29-a0-541-gaf1fc19f1b (webtiles) character file.

Game seed: 5134793286939477378

695 zishaf the Magician (level 7, -2/79 HPs)
             Began as a Djinni Venom Mage on June 2, 2022.
             Slain by an ice beast (21 damage)
             ... on level 5 of the Dungeon.
             The game lasted 00:10:09 (6279 turns).

zishaf the Magician (Djinni Venom Mage)             Turns: 6279, Time: 00:10:09

Health: -2/79      AC: 11    Str:  7    XL:     7   Next: 96%
Gold:   264        EV: 12    Int: 18    God:
                   SH:  5    Dex: 14

rFire   + + .      SeeInvis .   a - +5 hand axe (protect)
rCold   x . .      Faith    .   (no shield)
rNeg    . . .      Spirit   .   e - +0 robe
rPois   ∞          Reflect  +   x - +1 helmet
rElec   .          Harm     .   (no cloak)
rCorr   .          Rampage  .   (no gloves)
Will    .....                   (boots unavailable)
Stlth   ..........              r - amulet of reflection
HPRegen 0.23/turn               (no ring)
MPRegen 0.00/turn               (no ring)

@: berserking, under a protective aura, flying, very quick
A: sickness immunity, fire resistance 2, cold vulnerability 1, float, innate
caster, HP casting, extra vitality 1
a: no special abilities


You were on level 5 of the Dungeon.
You visited 2 branches of the dungeon, and saw 6 of its levels.

You collected 264 gold pieces.

Inventory:

Hand Weapons
 a - a +5 hand axe of protection (weapon)
 b - a +0 hunting sling
 h - a +0 dagger
 v - a +2 short sword of venom
Armour
 e - a +0 robe (worn)
 x - a +1 helmet (worn)
Magical Staves
 i - a staff of cold
 w - a staff of fire
Jewellery
 r - an amulet of reflection (around neck)
Scrolls
 f - a scroll of enchant armour
 k - a scroll of identify
 q - 2 scrolls of magic mapping
Potions
 c - 3 potions of curing
 d - a potion of berserk rage
 g - a potion of lignification {unknown}
 j - 2 potions of attraction
 l - 2 potions of mutation {unknown}
 n - a potion of brilliance {unknown}
 s - a potion of ambrosia {unknown}


   Skills:
 + Level 4.4 Fighting
 - Level 2.1 Dodging
 - Level 1.5 Stealth
 * Level 5.6 Spellcasting


You had one spell level left.
You knew the following spells:

 Your Spells              Type           Power      Damage    Failure   Level
a - Sting                 Tmut/Pois      100%       1d8       1%          1
b - Poisonous Vapours     Pois/Air       50%        N/A       1%          2
e - Freeze                Ice            100%       1d11      1%          1
f - Searing Ray           Conj           50%        2d6       1%          2
z - Mephitic Cloud        Conj/Pois/Air  25%        N/A       3%          3
A - Olgreb's Toxic Radia  Pois           25%        N/A       12%         4
B - Ignite Poison         Fire/Tmut/Pois 25%        N/A       3%          3
Your spell library was empty.

Dungeon Overview and Level Annotations

Branches:
Dungeon (5/15)             Temple (1/1) D:4

Altars:
Ashenzari
Cheibriados
Fedhas
Kikubaaqudgha
Nemelex Xobeh
Okawaru
Qazlal
Ru
Sif Muna
Trog
Vehumet
Xom
Zin

Annotations:
D:4 exclusion: upstairs


Innate Abilities, Weirdness & Mutations

You are immune to sickness and miasma.
You are immune to poison.
Your flesh is very heat resistant. (rF++)
You are vulnerable to cold. (rC-)
You float through the air rather than walking.
You learn spells naturally, not from books.
Your magical power is your life essence.
You have superior vitality. (+4 MHP)


Message History

You slash the dart slug!
You kill the dart slug!
The white imp hits you but does no damage.
You hit the white imp but do no damage.
An ice beast comes into view.
The white imp gestures at you. The puff of frost hits you!
You feel a terrible chill!
* * * LOW HITPOINT WARNING * * *
You hit the white imp.
The white imp is lightly wounded.
The white imp gestures at you. The puff of frost misses you.
You barely miss the white imp.
The white imp is lightly wounded.
The white imp hits you but does no damage.
The white imp barely misses you.
You hit the white imp.
The white imp is heavily wounded.
The white imp gestures at you. The puff of frost hits you!
You feel a terrible chill!
* * * LOW HITPOINT WARNING * * *
Okay, then.
You feel better. The white imp closely misses you.
A red film seems to cover your vision as you go berserk!
You feel yourself moving faster!
You feel mighty!
The white imp hits you but does no damage.
You slash the white imp!
You kill the white imp!
You hit the ice beast. You block the ice beast's attack.
You hit the ice beast.
The ice beast is lightly wounded.
You hit the ice beast.
The ice beast is heavily wounded.
The ice beast closely misses you.
You closely miss the ice beast.
The ice beast is heavily wounded.
The ice beast hits you.
* * * LOW HITPOINT WARNING * * *
The ice beast freezes you!!
You feel a terrible chill!
You die...

,,,,,,,,,,,,,,,,,*****,,,,,,,,,,,
,,***,,,**,,,,,###,,,***********,
,,,,,,,,,,,,,,,..',,_* *,
,,***,,,**,,,,,#.#,,,* *,
*****,,,****,,,#.##### *,
,,,,,,,,,,,,,*,..)..<# *,
****##*****#####....#* *, **
#.?,,,,,...#†.).####********,
.####.########.#@Y......,,,,,,,,,
........................,,,,,,,,,
........####.###........,,,*****,
..###...# #.# #....####,*** *,
....#...####.###.#### *,* *****,
#.#.#............# **,***,,,,,
#.#.#....###.##### *,,,,,,,,,,
.........#<......# *,,,,*,,,,,
##..##...###.###.# *,,,,****,*


You could see an ice beast.

Vanquished Creatures
  An ice beast (D:5)
  2 scorpions (D:4)
  2 hounds
  An orc priest (D:3)
  2 iguanas
  2 orc wizards (D:3)
  Robin (D:3)
  7 gnolls
  9 adders
  A white imp (D:5)
  2 ufetubi
  A worm (D:3)
  5 dart slugs
  8 orcs
  9 endoplasms
  5 giant cockroaches
  11 goblins
  7 hobgoblins
  3 jackals (D:2)
  6 quokkas
  4 ball pythons
  9 bats
  3 frilled lizards
  6 kobolds
  4 rats
111 creatures vanquished.

Notes
Turn   | Place    | Note
-------+----------+-------------------------------------------
     0 | D:1      | zishaf the Djinni Venom Mage began the quest for the Orb.
     0 | D:1      | Reached XP level 1. HP: 15/15 MP: 0/0
   756 | D:1      | Reached XP level 2. HP: 14/22 MP: 0/0
  1349 | D:1      | Reached skill level 1 in Fighting
  1665 | D:1      | Reached XP level 3. HP: 24/27 MP: 0/0
  1665 | D:1      | Learned a level 1 spell: Freeze
  1669 | D:1      | Reached skill level 3 in Spellcasting
  2187 | D:2      | Reached XP level 4. HP: 14/33 MP: 0/0
  2992 | D:2      | Reached XP level 5. HP: 38/38 MP: 0/0
  2992 | D:2      | Learned a level 2 spell: Searing Ray
  3617 | D:3      | Reached skill level 4 in Spellcasting
  4325 | D:3      | Reached XP level 6. HP: 45/45 MP: 0/0
  4964 | D:4      | Reached XP level 7. HP: 29/50 MP: 0/0
  4964 | D:4      | Learned a level 3 spell: Ignite Poison
  5233 | D:4      | Reached skill level 5 in Spellcasting
  5324 | D:3      | Noticed Robin
  5329 | D:3      | Killed Robin
  5576 | D:4      | Found a broken altar of Ashenzari.
  5701 | D:4      | Found a staircase to the Ecumenical Temple.
  5712 | Temple   | Entered the Ecumenical Temple
  6202 | D:5      | Entered Level 5 of the Dungeon
  6279 | D:5      | Slain by an ice beast

Illustrated notes

Levels and vault maps discovered:
D:1:      ncdulo_wetmaze, layout_basic, minmay_misc_feat_five
D:2:      layout_basic, kennysheep_generic_room_3
D:3:      minmay_evil_eye, layout_loops_cross, uniq_robin
D:4:      layout_loops_ring, general_overflow_altar, ashenzari_altar_1,
          minmay_temple_entry_large_hall, serial_glass, glass_columns_c,
          glass_columns_a
D:5:      layout_basic, grunt_dithmenos_shadows
Temple:   jpeg_temple_clearing

Skill      XL: |  1  2  3  4  5  6  7 |
---------------+----------------------+-----
Fighting       | 1 2 3 4 |  4.4
Spellcasting   | 3 4 5 |  5.6
Dodging        | |  2.1
Stealth        | |  1.5

Action                   |  1- 3 |  4- 6 |  7- 9 || total
-------------------------+-------+-------+-------++-------
Melee: Hand axe          |    10 |   155 |    39 ||   204
       Punch             |       |     1 |       ||     1
 Fire: Hunting sling     |    20 |       |       ||    20
 Cast: Sting             |    41 |     3 |     2 ||    46
       Mephitic Cloud    |     5 |     4 |       ||     9
       Ignite Poison     |       |       |     4 ||     4
       Olgreb's Toxic Ra |       |       |     3 ||     3
       Poisonous Vapours |       |       |     1 ||     1
  Use: Scroll            |       |       |    11 ||    11
       Potion            |       |       |     2 ||     2
 Stab: Confused          |     2 |     4 |       ||     6
       Sleeping          |       |     6 |     1 ||     7
       Distracted        |       |     1 |       ||     1
Armor: Robe              |     5 |    21 |    23 ||    49
Dodge: Dodged            |    20 |    78 |    37 ||   135
Block: Other             |       |    12 |     9 ||    21

Table legend: (Time is in decaauts)
 A = Elapsed time spent in this place.
 B = Non-inter-level travel time spent in this place.
 C = Inter-level travel time spent in this place.
 D = Time resting spent in this place.
 E = Time spent auto-exploring this place.
 F = Levels seen in this place.
 G = Mean time per level.
                   A        B        C        D        E       F      G
               +--------+--------+--------+--------+--------+-----+--------+
         Total |   6348 |   5918 |    430 |      0 |   5077 |   6 | 1058.0 |
       Dungeon |   6184 |   5781 |    403 |      0 |   4967 |   5 | 1236.8 |
        Temple |    163 |    136 |     27 |      0 |    110 |   1 |  163.0 |
               +--------+--------+--------+--------+--------+-----+--------+

Top non-repeatable levels by time:
     D:1: 2088 daAuts
     D:3: 1687 daAuts
     D:2: 1451 daAuts
     D:4: 874 daAuts
  Temple: 163 daAuts
     D:5: 81 daAuts
